 Dungeon Crawl Stone Soup version 0.22-a0-799-g88f5e907b7 (webtiles) character file.

1778 RedPan the Ogre Mage (level 9, -9/85 (89) HPs)
             Began as an Ogre Wizard on July 21, 2018.
             Was a Believer of Sif Muna.
             Killed by divine providence
             ... invoked by a meliai
              (13 damage)
             ... on level 7 of the Dungeon.
             The game lasted 00:20:38 (10765 turns).

RedPan the Ogre Mage (Ogre Wizard)                 Turns: 10765, Time: 00:20:38

HP:   -9/85 (89)    AC:  6    Str: 13    XL:     9   Next: 8%
MP:   15/19         EV: 11    Int: 20    God:    Sif Muna [**....]
Gold: 171           SH:  0    Dex:  9    Spells: 10/21 levels left

rFire    . . .     SeeInvis .   q - +4 quarterstaff (chaos)
rCold    . . .     Gourm    .   (shield currently unavailable)
rNeg     . . .     Faith    .   a - +0 robe
rPois    +         Spirit   .   b - +0 hat
rElec    .         Reflect  .   r - +2 cloak
rCorr    .         Harm     .   (gloves unavailable)
MR       .....                  (boots unavailable)
Stlth    +.........             (no amulet)
HPRegen  0.24/turn              e - ring of poison resistance
MPRegen  0.16/turn              (no ring)

@: divine energy
A: large, unfitting armour, tough skin 1
a: Stop Divine Energy, Renounce Religion


You were on level 7 of the Dungeon.
You worshipped Sif Muna.
Sif Muna was pleased with you.
You were not hungry.

You visited 1 branch of the dungeon, and saw 7 of its levels.

You collected 271 gold pieces.
You spent 100 gold pieces at shops.

Inventory:

Hand Weapons
 o - a +1 dagger of venom
 q - a +4 quarterstaff of chaos (weapon)
Missiles
 j - 219 stones (quivered)
Armour
 a - a +0 robe (worn)
 b - a +0 hat (worn)
 r - a +2 cloak (worn)
 x - a scarf of resistance
Jewellery
 e - a ring of poison resistance (left hand)
Wands
 k - a wand of flame (13)
 s - a wand of clouds (7)
 u - a wand of random effects (18)
Scrolls
 c - a scroll of identify
 f - 2 scrolls of remove curse
 g - 3 scrolls of blinking
 p - a scroll of amnesia
 t - 4 scrolls of teleportation
Potions
 h - 3 potions of curing
 i - 4 potions of lignification
 l - a potion of brilliance
 m - a potion of cancellation
 n - 2 potions of mutation
 v - a potion of resistance
Comestibles
 d - 13 rations


   Skills:
 + Level 5.6 Fighting
 + Level 4.4 Dodging
 - Level 1.4 Stealth
 + Level 6.9 Spellcasting
 + Level 4.2 Conjurations
 - Level 2.0 Summonings
 - Level 2.0 Translocations
 - Level 2.0 Fire Magic
 - Level 2.1 Air Magic
 - Level 3.0 Poison Magic


You had 10 spell levels left.
You knew the following spells:

 Your Spells              Type           Power        Failure   Level  Hunger
a - Magic Dart            Conj           ###.         1%          1    None
b - Blink                 Tloc           N/A          6%          2    None
c - Call Imp              Summ           ##......     6%          2    None
d - Mephitic Cloud        Conj/Pois/Air  ###.....     8%          3    #......
e - Conjure Flame         Conj/Fire      ###.....     8%          3    #......

Your spell library contained the following spells:

 Spells                   Type           Power        Failure   Level  Hunger
 Slow                     Hex            #.......     14%         2    None


Dungeon Overview and Level Annotations

Branches:
Dungeon (7/15)             Temple (0/1) D:6

Altars:
Hepliaklqana
Kikubaaqudgha
Nemelex Xobeh
Sif Muna
Vehumet
Xom
Yredelemnul
Zin

Shops:
D:5 *

Annotations:
D:7 1 runed door, SnubMonkey's ghost, novice DrTm


Innate Abilities, Weirdness & Mutations

You are too large for most types of armour.
You have tough skin. (AC +1)


Message History

The magic dart hits the meliai.
The meliai is heavily wounded.
The meliai mumbles some strange prayers to its god against you.
Something smites you!
You hear a croak.
Casting: Magic Dart (safe; 1% risk of failure)
Confirm with . or Enter, or press ? or * to list all spells.
A beastly little devil appears in a puff of flame.
The meliai hits you with a war axe!
* * * LOW HITPOINT WARNING * * *
The meliai stings you.
* * * LOW HITPOINT WARNING * * *
The meliai hits you with a war axe.
* * * LOW HITPOINT WARNING * * *
The meliai barely misses you. The meliai misses you. The meliai stings you.
* * * LOW HITPOINT WARNING * * *
The meliai mumbles some strange prayers to its god against you.
Something smites you!
You die...

.......# .......#
##.....# #.....#
#.....#
#.....###########
#...............#
###############.#
#@## # #.y##.#
#....# #.5##.#
#..# .. #..# ##
####


You could see a meliai and a friendly crimson imp.

Vanquished Creatures
  Menkaure (D:5)
  A warg (D:4)
  An ice beast (D:7)
  An orc warrior (D:5)
  A phantom (D:5)
  A necrophage (D:6)
  A centaur (D:5)
  2 ogres
  2 scorpions
  2 howler monkeys
  A crimson imp (D:5)
  A centaur zombie (D:5)
  A jelly (D:6)
  2 orc priests
  4 orc wizards
  Crazy Yiuf (D:2)
  A hound (D:4)
  2 iguanas (D:5)
  4 worker ants
  A howler monkey skeleton (D:4)
  A worker ant zombie (D:5)
  2 gnolls (D:7)
  6 adders
  2 shadow imps
  2 oozes
  An adder zombie (D:6)
  An adder skeleton (D:5)
  3 worms
  3 dart slugs
  7 leopard geckos
  21 orcs
  7 bats
  7 giant cockroaches
  7 goblins
  6 hobgoblins
  13 jackals
  6 kobolds
  3 quokkas (D:4)
  2 ball pythons
  6 frilled lizards
  A jackal skeleton (D:4)
  A quokka skeleton (D:5)
  A quokka zombie (D:6)
  7 rats
147 creatures vanquished.

Vanquished Creatures (collateral kills)
  A bullfrog skeleton (D:5)
  Terence (D:2)
  A goblin (D:2)
3 creatures vanquished.

Grand Total: 150 creatures vanquished

Notes
Turn   | Place    | Note
-------+----------+-------------------------------------------
     0 | D:1      | RedPan the Ogre Wizard began the quest for the Orb.
     0 | D:1      | Reached XP level 1. HP: 16/16 MP: 5/5
    24 | D:1      | Reached skill level 1 in Conjurations
   232 | D:1      | Reached XP level 2. HP: 24/24 MP: 3/6
   922 | D:1      | Reached skill level 4 in Spellcasting
  1038 | D:1      | Reached XP level 3. HP: 31/31 MP: 3/8
  1185 | D:2      | Noticed Terence
  1330 | D:1      | Learned a level 2 spell: Blink
  1333 | D:1      | Learned a level 2 spell: Call Imp
  1348 | D:2      | Found a runed door.
  1466 | D:2      | Killed Terence
  2173 | D:2      | Reached XP level 4. HP: 36/39 MP: 1/10
  2355 | D:2      | Learned a level 3 spell: Mephitic Cloud
  2359 | D:2      | Learned a level 3 spell: Conjure Flame
  2666 | D:2      | Found an ancient bone altar of Kikubaaqudgha.
  3050 | D:2      | Noticed Crazy Yiuf
  3066 | D:2      | Killed Crazy Yiuf
  3066 | D:2      | Reached skill level 1 in Summonings
  3344 | D:3      | Found a deep blue altar of Sif Muna.
  3352 | D:3      | Became a worshipper of Sif Muna the Loreminder
  3387 | D:3      | Reached XP level 5. HP: 43/45 MP: 6/11
  3543 | D:3      | Found a hazy altar of Hepliaklqana.
  3805 | D:3      | Reached skill level 1 in Air Magic
  3882 | D:3      | Reached skill level 1 in Poison Magic
  4494 | D:4      | Found a radiant altar of Vehumet.
  4589 | D:4      | Found a sparkling altar of Nemelex Xobeh.
  4795 | D:4      | Reached skill level 5 in Spellcasting
  4795 | D:4      | Reached XP level 6. HP: 54/54 MP: 8/13
  4999 | D:4      | Reached skill level 1 in Fighting
  5148 | D:4      | Reached * piety under Sif Muna
  5632 | D:4      | Noticed a warg
  5632 | D:4      | a worm changed into a warg
  5636 | D:4      | Killed a warg
  5636 | D:4      | Reached XP level 7. HP: 35/65 MP: 11/14
  6022 | D:5      | Entered Level 5 of the Dungeon
  6068 | D:5      | Reached skill level 1 in Translocations
  6353 | D:5      | Found a basalt altar of Yredelemnul.
  6510 | D:5      | Noticed Menkaure
  6528 | D:5      | Killed Menkaure
  7114 | D:5      | Found a glowing silver altar of Zin.
  7293 | D:4      | Reached XP level 8. HP: 29/75 MP: 12/16
  7803 | D:5      | Found Qauraschu's Assorted Antiques.
  7811 | D:5      | Bought a scroll of identify for 50 gold pieces
  7811 | D:5      | Bought a scroll of identify for 50 gold pieces
  7906 | D:5      | Reached skill level 6 in Spellcasting
  8573 | D:5      | Reached ** piety under Sif Muna
  8830 | D:6      | Reached skill level 1 in Fire Magic
  9737 | D:6      | Reached skill level 5 in Fighting
 10025 | D:6      | Found a staircase to the Ecumenical Temple.
 10451 | D:7      | Reached XP level 9. HP: 84/84 MP: 15/19
 10536 | D:7      | Found a runed door.
 10536 | D:7      | Found a shimmering altar of Xom.
 10536 | D:7      | Noticed SnubMonkey's ghost (novice DrTm)
 10536 | D:7      | Noticed a hand axe of chaos
 10758 | D:7      | Noticed a meliai
 10764 | D:7      | HP: 4/85 [meliai/war axe (2)]
 10765 | D:7      | Killed from afar by a meliai

Vault maps used:
D:1:      lightli_arrival_windingriver
D:2:      lemuel_coloured_pillars_altar, first_ration, grunt_decor_cap,
          minmay_tromino_v2, uniq_terence, uniq_crazy_yiuf_cottage
D:3:      lemuel_crystal_altar, overflow_temple_1_default
D:4:      fiery_altar_vehumet, nemelex_xobeh_ov_fountains_minmay
D:5:      minmay_diamond_boxcup, overflow_temple_1_default, lemuel_doored_altar,
          serial_shops, shop, uniq_menkaure
D:6:      minmay_temple_entry_junction
D:7:      minmay_cornered_nines, ebering_ghost_xom

Skill      XL: |  1  2  3  4  5  6  7  8 |
---------------+-------------------------+-----
Conjurations   | 1 2 3 4 |  4.2
Spellcasting   | 4 5 6 |  6.9
Summonings     | 1 2 |  2.0
Air Magic      | 1 2 |  2.1
Poison Magic   | 1 2 3 |  3.0
Fighting       | 2 3 5 |  5.6
Dodging        | 2 3 4 |  4.4
Translocations | 2 |  2.0
Fire Magic     | 2 |  2.0
Stealth        | |  1.4

Action                   |  1- 3 |  4- 6 |  7- 9 || total
-------------------------+-------+-------+-------++-------
Melee: Unarmed           |     2 |       |       ||     2
       Whip              |    28 |       |       ||    28
       Dagger            |       |    10 |       ||    10
       Quarterstaff      |       |    38 |   127 ||   165
 Cast: Magic Dart        |    76 |   139 |   187 ||   402
       Call Imp          |     5 |     2 |    10 ||    17
       Mephitic Cloud    |       |       |     5 ||     5
       Conjure Flame     |       |       |     3 ||     3
       Blink             |       |       |     3 ||     3
Invok: Divine Energy     |       |     1 |       ||     1
  Use: Scroll            |       |    12 |     6 ||    18
       Potion            |       |       |     3 ||     3
 Stab: Paralysed         |       |       |     4 ||     4
       Sleeping          |       |       |     3 ||     3
       Confused          |       |       |     2 ||     2
  Eat: Chunk             |     4 |    10 |    10 ||    24
       Ration            |       |       |     2 ||     2
Armor: Robe              |     9 |    20 |    47 ||    76
Dodge: Dodged            |    20 |    39 |    87 ||   146

Table legend:
 A = Spawn XP
 B = Non-spawn XP
 C = Spawn XP percentage of total XP
 D = Spawn monster count
 E = Non-spawn monster count
 F = Spawn count percentage of total count
 G = Total turns spent on level
                    A         B        C        D         E        F      G
               +---------+---------+-------+---------+---------+-------+---------
         Total |       0 |    2540 |   0.0 |       0 |     150 |   0.0 | 10765
               +---------+---------+-------+---------+---------+-------+---------
           D:1 |       0 |      36 |   0.0 |       0 |      19 |   0.0 |  1291
           D:2 |       0 |     112 |   0.0 |       0 |      30 |   0.0 |  1975
           D:3 |       0 |      72 |   0.0 |       0 |      21 |   0.0 |  1174
           D:4 |       0 |     485 |   0.0 |       0 |      29 |   0.0 |  2049
           D:5 |       0 |    1183 |   0.0 |       0 |      33 |   0.0 |  3027
           D:6 |       0 |     332 |   0.0 |       0 |      11 |   0.0 |   813
           D:7 |       0 |     320 |   0.0 |       0 |       7 |   0.0 |   436
               +---------+---------+-------+---------+---------+-------+---------
